 Dungeon Crawl Stone Soup version 0.30-a0-137-gd8773701ce (webtiles) character file.

Game seed: 2984360870611307498

37 kae the Firebug (level 3, -3/19 HPs)
             Began as a Deep Elf Fire Elementalist on Sept 23, 2022.
             Slain by an orc
             ... wielding a +0 mace
              (4 damage)
             ... on level 2 of the Dungeon.
             The game lasted 00:01:11 (2491 turns).

kae the Firebug (Deep Elf Fire Elementalist)        Turns: 2491, Time: 00:01:12

Health: -3/19      AC:  2    Str:  5    XL:     3   Next: 21%
Magic:  6/10       EV: 12    Int: 21    God:
Gold:   55         SH:  0    Dex: 15    Spells: 3/9 levels left

rFire   . . .      SeeInvis .    (no weapon)
rCold   . . .      Faith    .    (no shield)
rNeg    . . .      Spirit   .    a - +0 robe
rPois   .          Reflect  .    (no helmet)
rElec   .          Harm     .    (no cloak)
rCorr   .          Rampage  .    (no gloves)
Will    .....                    (no boots)
Stlth   ++........               (no amulet)
HPRegen 0.06/turn                (no ring)
MPRegen 0.12/turn                (no ring)

@: no status effects
A: no striking features
a: no special abilities


You were on level 2 of the Dungeon.
You visited 1 branch of the dungeon, and saw 3 of its levels.

You collected 55 gold pieces.


   Skills:
 - Level 2.4 Dodging
 - Level 2.4 Stealth
 + Level 3.5 Spellcasting
 * Level 2.3 Conjurations
 * Level 4.0 Fire Magic


You had 3 spell levels left.
You knew the following spells:

 Your Spells              Type           Power      Damage    Failure   Level
a - Foxfire               Conj/Fire      64%        2x1d7     3%          1
b - Scorch                Fire           40%        2d7       3%          2
c - Kindle Blastsparks    Fire/Tloc/Air  18%        2d11      22%         3

Your spell library contained the following spells:

 Spells                   Type           Power      Damage    Failure   Level
 Shock                    Conj/Air       32%        1d5       8%          1
 Inner Flame              Hex/Fire       12%        N/A       17%         3
 Swiftness                Air            3%         N/A       36%         3
 Flame Wave               Conj/Fire      16%        2d7       34%         4
 Airstrike                Air            1%         2d(1-17)  77%         4

Inventory:

Missiles
 c - 20 stones
 f - 3 curare-tipped darts {=f}
 i - 2 silver javelins
 m - 5 poisoned darts
Armour
 a - a +0 robe (worn)
Jewellery
 T - an amulet of faith {!P}
   (You found it on level 1 of the Dungeon)
Scrolls
 d - a scroll of poison {unknown}
 e - a scroll of fog {unknown}
 h - a scroll of noise {unknown}
 j - a scroll of teleportation {unknown}
 l - a scroll of enchant armour {unknown}
Potions
 b - a potion of magic
 g - a potion of curing {unknown}
 k - a potion of might {unknown}
 n - a potion of brilliance {unknown}

Dungeon Overview and Level Annotations

Branches:
Dungeon (3/15) Zot: 15507

Altars:

Shops:
D:1 =*[

Annotations:
D:2 Natasha, Terence

......#######.#######..##
h. #@...............#
#.....#[########.#
#.###.#$#.#....#.# .
#.#...>..#.# ##
#.#.#...##.# #.#.#...##.#
#.#o#o####.# #[@).....#
##########o######
#..............#
#.########.###.# #.# #<#
#.# #.# #.# #.# #.# #.#
#.# #.# #.###.# #.#
#...#.##


You could see 3 orcs.


Message History

There is an open door here.
There is an open door here.
There is an open door here.
Terence the Incautious comes into view.
He is wielding a +0 mace.
Press: ? - help, v - describe, . - travel
Here: Terence, wielding a +0 mace and wearing a +0 ring mail (asleep)
The floor.
Placed new exclusion.
Found a stone staircase leading down.
Found a stone staircase leading up.
Found a stone staircase leading down.
There is a stone staircase leading down here.
There is a stone staircase leading up here.
There is a stone staircase leading up here.
You see here a +0 kite shield.
You see here a +0 kite shield.
Key pressed, stopping explore.
There is an open door here.
There is an open door here.
Partly explored, can't reach some items and places.
Partly explored, can't reach some items and places.
Partly explored, can't reach some items and places.
Partly explored, can't reach some items and places.
Okay, then.
(D) Dungeon
Where to? (Enter - D:2, ? - help)
There is an open door here.
There is an open door here.
There is a stone staircase leading down here.
You climb downwards.
The orc shouts! x5
There is a stone staircase leading up here.
There are monsters nearby!
The orc hits you with a +0 morningstar. The orc hits you with a +0 mace.
You climb upwards.
Level annotation: Natasha, Terence
There is a stone staircase leading down here. 😮 HP[-7]
You take 7 damage, and now have 12/19 hp.
MASSIVE DAMAGE!! (PAUSE)
Casting: Foxfire (safe; 3% risk of failure)
Confirm with . or Enter, or press ? or * to list all spells.
Flames lash the orc.
You kill the orc!
The orc closely misses you. The orc barely misses you. 😮 MP[-2]
You lost 2 mp, and now have 7/9 mp.
Casting: Scorch (safe; 3% risk of failure)
Confirm with . or Enter, or press ? or * to list all spells.
Flames lash the orc.
You kill the orc!
Your Fire Magic skill increases to level 4! 😮 MP[-2]
You lost 2 mp, and now have 5/10 mp.
Unknown command.
Casting: Scorch (safe; 3% risk of failure)
Confirm with . or Enter, or press ? or * to list all spells.
You can't see any susceptible monsters within range! (Use Z to cast anyway.) Partly explored, can't reach some items and places. 😕 HP[+4] MP[+5]
You regained 4 hp, and now have 16/19 hp.
Your mp is fully restored (10).
Partly explored, can't reach some items and places.
Partly explored, can't reach some items and places.
You start resting. 😎 HP[+3]
Your hp is fully restored (19).
You climb downwards.
The orc barely misses you. The orc closely misses you.
The orc hits you with a +0 whip.
There is a stone staircase leading up, spattered with blood here. 😕 HP[-3]
You take 3 damage, and now have 16/19 hp.
Unknown command.
The orc barely misses you. The orc hits you with a +0 whip.
The orc hits you but does no damage.
You climb upwards.
Level annotation: Natasha, Terence
There is a stone staircase leading down here. 😮 HP[-3]
You take 3 damage, and now have 13/19 hp.
Casting: Scorch (safe; 3% risk of failure)
Confirm with . or Enter, or press ? or * to list all spells.
Flames lash the orc.
The orc's fire resistance burns away.
The orc closely misses you. The orc hits you with a +0 flail!
* * * LOW HITPOINT WARNING * * *
The orc closely misses you. The orc closely misses you. The orc misses you.
The orc barely misses you. 😨 HP[-8] MP[-2]
You take 8 damage, and now have 5/19 hp.
MASSIVE DAMAGE!! (PAUSE)
You lost 2 mp, and now have 8/10 mp.
Casting: Scorch (safe; 3% risk of failure)
Confirm with . or Enter, or press ? or * to list all spells.
Flames lash the orc.
The orc is burned terribly!
The orc barely misses you. The orc hits you with a +0 whip.
* * * LOW HITPOINT WARNING * * *
The orc closely misses you. The orc hits you with a +0 mace.
You die...

Skill      XL: |  1  2  3 |
---------------+----------+-----
Conjurations   | 2 |  2.3
Fire Magic     | 4 |  4.0
Dodging        | |  2.4
Stealth        | |  2.4
Spellcasting   | |  3.5

Action                   || total
-------------------------++-------
Melee: Unarmed           ||     1
 Cast: Foxfire           ||    43
       Scorch            ||     5
Armor: Robe              ||     3
Dodge: Dodged            ||    16

Levels and vault maps discovered:
D:1:      giann_horns, layout_basic, serial_shops, shop_statue,
          nicolae_shop_behind_doors, nicolae_diamond_shop,
          chequers_ecumenical_altar_simple, minmay_tromino_mix6
D:2:      layout_basic, uniq_natasha, uniq_terence
D:3:      layout_basic, mainiacjoe_overflow_paths, uniq_grinder

Notes
Turn   | Place    | Note
-------+----------+-------------------------------------------
     0 | D:1      | kae the Deep Elf Fire Elementalist began the quest for the
                  | Orb.
     0 | D:1      | Reached XP level 1. HP: 10/10 MP: 6/6
     0 | D:1      | magus.rc [v1.11.3]
    66 | D:1      | Found Ibrifrem's Jewellery Emporium.
   441 | D:1      | Reached XP level 2. HP: 15/15 MP: 0/8
   818 | D:1      | Found Simnuomp's Antique Armour Shop.
   834 | D:1      | Found Dilimn's General Store.
   915 | D:1      | Found a faded altar of an unknown god.
  1236 | D:2      | Learned a level 2 spell: Scorch
  1492 | D:2      | Noticed Natasha
  1680 | D:2      | Reached skill level 2 in Conjurations
  1941 | D:2      | Reached XP level 3. HP: 19/19 MP: 5/9
  1949 | D:2      | Learned a level 3 spell: Kindle Blastsparks
  1999 | D:2      | You pick up a book of Air and begin reading...
  1999 | D:2      | You add the spells Shock, Swiftness and Airstrike to your
                  | library.
  2127 | D:2      | Noticed Terence
  2376 | D:2      | Reached skill level 4 in Fire Magic
  2490 | D:2      | HP: 1/19 [orc/+0 whip (4)]
  2491 | D:2      | Slain by an orc

Vanquished Creatures
  An adder (D:2)
  A worm (D:2)
  2 orcs (D:2)
  A ball python (D:1)
  3 bats (D:1)
  2 endoplasms
  3 goblins
  4 hobgoblins
  A quokka (D:1)
  2 rats (D:2)
20 creatures vanquished.

Vanquished Creatures (others)
  72 foxfires
72 creatures vanquished.

Grand Total: 92 creatures vanquished

Table legend:
 A = Non-vault XP
 B = Vault XP
 C = Vault XP percentage of total XP
 D = Non-vault monster count
 E = Vault monster count
 F = Vault count percentage of total count
                 A         B        C        D         E       F
            +---------+---------+-------+---------+---------+-------
      Total |      47 |       6 |  11.3 |      17 |       3 |  15.0
            +---------+---------+-------+---------+---------+-------
        D:1 |      13 |       6 |  31.6 |       7 |       3 |  30.0
        D:2 |      34 |       0 |   0.0 |      10 |       0 |   0.0
            +---------+---------+-------+---------+---------+-------

Illustrated notes

Table legend:
 A = Kills in this place as a percentage of kills in entire the game.
 B = Kills by you in this place as a percentage of kills by you in the entire game.
 C = Kills by friends in this place as a percentage of kills by friends in the entire game.
 D = Other kills in this place as a percentage of other kills in the entire game.
 E = Experience gained in this place as a percentage of experience gained in the entire game.
 F = Experience gained in this place divided by the number of levels of this place that you have seen.
                   A       B       C       D       E      F
               +-------+-------+-------+-------+-------+----------------------
         Total | 100.0 | 100.0 |   N/A |   N/A | 100.0 |  17.7
       Dungeon | 100.0 | 100.0 |   N/A |   N/A | 100.0 |  17.7
               +-------+-------+-------+-------+-------+----------------------

Table legend: (Time is in decaauts)
 A = Elapsed time spent in this place.
 B = Non-inter-level travel time spent in this place.
 C = Inter-level travel time spent in this place.
 D = Time resting spent in this place.
 E = Time spent auto-exploring this place.
 F = Levels seen in this place.
 G = Mean time per level.
                   A        B        C        D        E       F      G
               +--------+--------+--------+--------+--------+-----+--------+
         Total |   2492 |   2375 |    117 |     50 |   2107 |   3 |  830.7 |
       Dungeon |   2492 |   2375 |    117 |     50 |   2107 |   3 |  830.7 |
               +--------+--------+--------+--------+--------+-----+--------+

Top non-repeatable levels by time:
     D:2: 1261 daAuts
     D:1: 1226 daAuts
     D:3: 4 daAuts
